 Dungeon Crawl Stone Soup version 0.17-a0-2093-gc772f4b (webtiles) character file.

60355 nubinia the Devastator (level 14, 0/76 HPs)
             Began as a Tengu Fire Elementalist on Oct 15, 2015.
             Was the Champion of Sif Muna.
             Slain by a death yak (18 damage)
             ... on level 7 of the Lair of Beasts on Oct 16, 2015.
             The game lasted 03:11:26 (24080 turns).

nubinia the Devastator (Tengu Fire Elementalist)   Turns: 24080, Time: 03:11:26

Health: 0/76       AC: 13    Str:  8    XL:     14   Next: 99%
Magic:  0/29       EV: 28    Int: 18    God:    Sif Muna [******]
Gold:   1121       SH:  6    Dex: 26    Spells: 10 memorised, 2 levels left

rFire  + . .     SeeInvis .     b - +3 mace (protect)
rCold  . . .     Clarity  .     V - +1 robe of Filth {Dex+4}
rNeg   . . .     SustAt   .     E - +0 buckler
rPois  +         Gourm    .     x - +2 hat of the Cockatrice {rElec rF+ Dex-2}
rElec  +         Spirit   +     X - +0 cloak
rCorr  .         Warding  .     d - +1 pair of gloves
rMut   .         Stasis   .     (boots unavailable)
MR     +....                    M - amulet of guardian spirit
Stlth  ++++......               N - ring of poison resistance
                                h - +6 ring of dexterity

@: flying quickly and evasively, quick, somewhat resistant to hostile
enchantments, stealthy
A: beak, talons 3, able to fly 2
a: Stop Flying, Channel Energy, Forget Spell, Renounce Religion


You were on level 7 of the Lair of Beasts.
You worshipped Sif Muna.
Sif Muna was exalted by your worship.
You were near starving.

You visited 3 branches of the dungeon, and saw 18 of its levels.
You also visited: Ossuary and Volcano.

You collected 1308 gold pieces.
You spent 187 gold pieces at shops.

Inventory:

Hand Weapons
 a - the +0 whip of Insomnia {venom, rC- Str+10 Int+4 Stlth+}
   (You bought it in a shop on level 6 of the Dungeon)

   It poisons the flesh of those it strikes.
   It affects your strength (+10).
   It affects your intelligence (+4).
   It makes you vulnerable to cold.
   It makes you more stealthy.
 b - a +3 mace of protection (weapon)
Armour
 d - a +1 pair of gloves (worn)
 x - the +2 hat of the Cockatrice (worn) {rElec rF+ Dex-2}
   (You acquired it on level 6 of the Lair of Beasts)

   It affects your dexterity (-2).
   It protects you from fire.
   It insulates you from electricity.
 E - a +0 buckler (worn)
 K - the +1 robe of Broken Taboos {rN+++ Regen+ Str-4 Stlth+}
   (You found it on level 5 of the Dungeon)

   It affects your strength (-4).
   It renders you almost immune to negative energy.
   It increases your rate of regeneration.
   It makes you more stealthy.
 V - the +1 robe of Filth (worn) {Dex+4}
   (You found it on level 3 of the Lair of Beasts)

   It affects your dexterity (+4).
 X - a +0 cloak (worn)
Magical Staves
 O - an uncursed staff of wizardry
Jewellery
 e - a +3 ring of slaying
 g - an uncursed ring of protection from fire
 h - a +6 ring of dexterity (left hand)
 i - an uncursed ring of fire
 M - an amulet of guardian spirit (around neck)
 N - a ring of poison resistance (right hand)
Wands
 m - a wand of fire (9)
 q - a wand of teleportation (9)
 t - a wand of cold (6)
 u - a wand of disintegration (8)
 H - a wand of lightning (1)
 Q - a wand of hasting (3)
 R - a wand of cold (7)
 U - a wand of cold (10)
Scrolls
 j - a scroll of fog
 k - 4 scrolls of remove curse
 l - 3 scrolls of enchant armour
 o - 4 scrolls of teleportation
 p - 3 scrolls of blinking
 B - 3 scrolls of amnesia
 F - a scroll of magic mapping
 Z - 2 scrolls of recharging
Potions
 c - a potion of mutation {unknown}
 f - 5 potions of brilliance
 n - 4 potions of ambrosia
 s - 7 potions of curing
 v - 3 potions of berserk rage
 w - 3 potions of lignification
 A - a potion of agility
 C - 2 potions of heal wounds
 D - 5 potions of haste
 L - 2 potions of cancellation
 P - a potion of resistance
Miscellaneous
 G - a phantom mirror
 S - a lamp of fire
 W - a fan of gales
Comestibles
 r - 6 meat rations
 y - a beef jerky
 z - 23 fruits
 I - a bread ration
 T - a slice of pizza


   Skills:
 + Level 4.8 Fighting
   Level 0.4 Short Blades
 + Level 5.4 Maces & Flails
 + Level 1.2 Throwing
 + Level 10.5 Dodging
 + Level 5.8 Stealth
 + Level 2.5 Shields
 + Level 10.4 Spellcasting
 * Level 16.0 Conjurations
 - Level 2.0 Necromancy
 * Level 13.1 Fire Magic
 * Level 10.0 Air Magic
 + Level 0.4 Poison Magic
 - Level 3.5 Invocations


You had 2 spell levels left.
You knew the following spells:

 Your Spells              Type           Power        Failure   Level  Hunger
a - Flame Tongue          Conj/Fire      #####        1%          1    None
b - Throw Flame           Conj/Fire      ######       1%          2    None
c - Mephitic Cloud        Conj/Pois/Air  #####...     1%          3    None
d - Sticky Flame          Conj/Fire      ######..     1%          4    ###....
e - Fireball              Conj/Fire      ######....   1%          5    #####..
f - Force Lance           Conj/Tloc      #####...     3%          4    ###....
g - Airstrike             Air            #####.....   1%          4    ###....
h - Iskenderun's Mystic   Conj           ######..     1%          4    ###....
i - Conjure Flame         Conj/Fire      ######..     1%          3    None
S - Animate Skeleton      Necr           N/A          4%          1    None


Dungeon Overview and Level Annotations

Branches:
Dungeon (9/15)             Temple (1/1) D:5            Lair (8/8) D:8
  Swamp (0/4) Lair:5       Spider (0/4) Lair:4        Slime (0/6) Lair:8
    Orc: D:9-12

Altars:
Cheibriados
Elyvilon
Fedhas
Gozag
Kikubaaqudgha
Makhleb
Okawaru
Qazlal
Sif Muna
Vehumet
Yredelemnul
Zin

Shops:
D:6 (   D:7 (

Annotations:
D:2 Sigmund
D:3 radek's ghost, amateur DECj
D:9 exclusion: water moccasin, Maurice


Innate Abilities, Weirdness & Mutations

You have a beak for a mouth.
You have claws for feet.
You can fly continuously.


Message History

The death yak burns!
The death yak stops burning.
Evoke which item? (* to show all) (? for menu, Esc to quit)
Zapping:
H - a wand of lightning (will waste charges)
Press: ? - help, Shift-Dir - straight line, f/p - death yak
Aim: a death yak (almost dead)
You hear a mighty clap of thunder!
The bolt of lightning misses the death yak.
Evoking this partially-identified wand wasted a few charges.
You hear a screech!
Casting: Sticky Flame
Confirm with . or Enter, or press ? or * to list all spells.
Aiming: Sticky Flame
Press: ? - help, Shift-Dir - straight line, f/p - death yak
Aim: a death yak (almost dead)
The sticky flame hits the death yak.
The death yak appears unharmed.
The death yak is almost dead.
The death yak is covered in liquid flames!
You are near starving!
The death yak burns!
The death yak gores you!!
You die...

# #.....# #........# # #.#.###
#......... #### ####.####
#........#
###..######.##.####.........
#.......<.......+...........
#P...........P.#......>.....
#.............##......##..##
##..........Y.##.....##.⌠...
##..........@..##.....#......
#.#......<....##.###.##⌠.>...
########...........### ####......
#.#.###..........#.## #####.⌠..#
...###..............####.#.##.###
....##...............##.#......#.
..####...............PP.#.......#
..###......P.........PPP.........
....#<.........#......P..........


You could see a death yak (burning).

Vanquished Creatures
  Gastronok (Lair:2)
  Kirke (Lair:6)
  Nessos (Lair:6)
  5 hydras
  A catoblepas (Lair:7)
  The ghost of Ohli the Protected, a journeyman TeFi of Nemelex Xobeh (Lair:3)
  7 death yaks
  A lindwurm (Volcano)
  2 griffons
  An orb spider (Lair:4)
  3 hornets (Lair:8)
  9 black mambas
  15 elephants
  14 spiny frogs
  2 molten gargoyles (Volcano)
  8 komodo dragons
  2 gargoyles (Volcano)
  3 fire drakes
  A queen bee (Lair:2)
  A freezing wraith (D:9)
  4 polar bears (Lair:1)
  18 blink frogs
  16 yaks
  4 wyverns
  3 basilisks
  A deep elf mage (D:8)
  2 hogs (Lair:6)
  5 hippogriffs
  A hungry ghost (D:8)
  Menkaure (D:4)
  2 fire elementals (Volcano)
  A steam dragon (Lair:2)
  9 wolves
  Edmund (D:4)
  11 swamp worms (Lair:4)
  15 water moccasins
  A soldier ant (D:9)
  Duvessa (D:7)
  A wasp (Lair:8)
  An orc warrior (D:8)
  A sky beast (D:6)
  14 porcupines
  3 black bears
  4 spiders (Lair:8)
  An ogre (D:4)
  An ice beast (D:5)
  A necrophage (D:6)
  3 centaurs
  2 phantoms
  15 crocodiles
  A big kobold (D:7)
  A brain worm (Lair:4)
  Blork the orc (D:4)
  2 gnoll sergeants
  The ghost of brucemayne the Chopper, an amateur VSBe of Trog (D:4)
  16 giant frogs
  Dowan (D:7)
  15 killer bees (Lair:2)
  4 wights (D:7)
  3 electric eels
  5 crimson imps
  A giant frog zombie (D:9)
  3 centaur zombies
  A quasit (D:6)
  2 hounds
  6 jellies
  7 orc wizards
  A giant frog skeleton (D:8)
  A centaur skeleton (D:5)
  4 iguanas
  7 orc priests
  7 worker ants
  3 big kobold zombies (Ossuary)
  17 sheep
  2 hound zombies
  4 mummies (Ossuary)
  6 gnolls
  A shadow imp (D:7)
  13 adders
  59 river rats
  4 oozes
  2 adder zombies (D:5)
  2 adder skeletons
  12 worms
  5 giant geckos
  42 orcs
  A ball python (D:2)
  4 giant cockroaches
  7 goblins
  12 hobgoblins
  10 jackals
  5 quokkas
  7 bats
  3 giant newts
  2 hobgoblin zombies (Ossuary)
  6 kobolds
  8 rats
  3 fungi
  3 plants
555 creatures vanquished.

Vanquished Creatures (collateral kills)
  A hydra (Lair:8)
  A death yak (Lair:4)
  7 elephants
  A guardian serpent (Lair:8)
  A black mamba (Lair:8)
  7 spiny frogs
  3 komodo dragons
  2 fire drakes (Lair:7)
  A polar bear (Lair:8)
  3 blink frogs
  A hippogriff (Lair:4)
  A wyvern (Lair:8)
  9 yaks
  A steam dragon (Lair:8)
  A basilisk (Lair:8)
  3 hogs (Lair:6)
  A swamp worm (Lair:4)
  A wolf (Lair:7)
  6 water moccasins
  A swamp drake (Lair:8)
  3 spiders (Lair:8)
  A wasp (Lair:8)
  2 giant frogs
  4 crocodiles
  3 iguanas
  4 worker ants
  4 sheep
  2 adders (Lair:8)
  8 river rats
  2 worms (Lair:4)
  4 fungi
  3 plants
92 creatures vanquished.

Vanquished Creatures (others)
  A worker ant (Lair:8)
  3 bushes (Lair:8)
  85 fungi
  36 plants
125 creatures vanquished.

Grand Total: 772 creatures vanquished

Notes
Turn   | Place    | Note
--------------------------------------------------------------
     0 | D:1      | nubinia the Tengu Fire Elementalist began the quest for the Orb.
     0 | D:1      | Reached XP level 1. HP: 10/10 MP: 4/4
   551 | D:1      | Reached XP level 2. HP: 15/15 MP: 3/6
   583 | D:1      | Learned a level 2 spell: Throw Flame
   931 | D:2      | Reached XP level 3. HP: 10/19 MP: 1/7
  1659 | D:2      | Noticed Sigmund
  1730 | D:2      | Reached skill level 4 in Fire Magic
  1787 | D:2      | Reached XP level 4. HP: 24/24 MP: 4/9
  2354 | D:3      | Noticed radek's ghost (amateur DECj)
  2812 | D:3      | Learned a level 3 spell: Conjure Flame
  2966 | D:4      | Noticed Edmund
  3523 | D:3      | Found a snail-covered altar of Cheibriados.
  3566 | D:3      | Gained mutation: You can fly. [Tengu growth]
  3566 | D:3      | Reached XP level 5. HP: 10/28 MP: 3/10
  4710 | D:4      | Noticed a phantom
  4719 | D:4      | Noticed brucemayne's ghost (amateur VSBe)
  4739 | D:5      | Entered Level 5 of the Dungeon
  5132 | D:5      | Reached XP level 6. HP: 33/33 MP: 5/11
  5268 | D:5      | Reached skill level 1 in Maces & Flails
  5317 | D:5      | Found a staircase to the Ecumenical Temple.
  5331 | Temple   | Entered the Ecumenical Temple
  5343 | Temple   | Became a worshipper of Sif Muna the Loreminder
  5412 | D:5      | Reached skill level 1 in Fighting
  5494 | D:4      | Noticed Menkaure
  5829 | D:3      | Reached XP level 7. HP: 17/38 MP: 6/13
  6058 | D:4      | Killed brucemayne's ghost
  6152 | D:4      | Found a white marble altar of Elyvilon.
  6168 | D:4      | Killed a phantom
  6168 | D:4      | Reached * piety under Sif Muna
  6177 | D:4      | Reached skill level 5 in Fire Magic
  6630 | D:4      | Noticed Blork the orc
  7059 | D:4      | Killed Edmund
  7059 | D:4      | Reached skill level 5 in Conjurations
  7303 | D:4      | Reached XP level 8. HP: 40/43 MP: 7/15
  7382 | D:4      | Killed Blork the orc
  7382 | D:4      | Reached ** piety under Sif Muna
  7712 | D:4      | Learned a level 4 spell: Sticky Flame
  7722 | D:4      | Killed Menkaure
  7722 | D:4      | Reached skill level 6 in Conjurations
  7722 | D:4      | Reached skill level 1 in Invocations
  7997 | D:5      | Got a silken robe
  8008 | D:5      | Identified the cursed +1 robe of Broken Taboos {rN+++ Regen+ Str-4 Stlth+} (You found it on level 5 of the Dungeon)
  8028 | D:5      | Noticed an ice beast
  8032 | D:5      | Killed an ice beast
  8598 | D:6      | Found an opulent altar of Gozag.
  8650 | D:6      | Reached skill level 7 in Conjurations
  8838 | D:6      | Found Coru's Antique Weapon Emporium.
  8848 | D:6      | Reached skill level 5 in Spellcasting
  8858 | D:6      | Bought a smoking whip for 187 gold pieces
  8858 | D:6      | Identified the +0 whip of Insomnia {venom, rC- Str+10 Int+4 Stlth+} (You bought it in a shop on level 6 of the Dungeon)
  9041 | D:6      | Reached *** piety under Sif Muna
  9041 | D:6      | Reached XP level 9. HP: 48/48 MP: 3/17
  9137 | D:6      | Found an ancient bone altar of Kikubaaqudgha.
  9187 | D:6      | Learned a level 5 spell: Fireball
  9626 | D:7      | Found a sand-covered staircase.
  9638 | Ossuary  | Entered an ossuary
  9651 | Ossuary  | Reached skill level 8 in Conjurations
  9979 | D:7      | Found a burning altar of Makhleb.
  9981 | D:7      | Found a glowing silver altar of Zin.
  9981 | D:7      | Noticed an angel
  9983 | D:7      | Noticed a balrug
 10012 | D:7      | Noticed Duvessa
 10184 | D:7      | Reached skill level 5 in Dodging
 10467 | D:7      | Found Ros Ovut's Weapon Boutique.
 10501 | D:7      | You fall through a shaft for 2 floors!
 10514 | D:9      | Reached **** piety under Sif Muna
 10520 | D:9      | Reached skill level 9 in Conjurations
 10605 | D:9      | Noticed a freezing wraith
 10659 | D:9      | Killed a freezing wraith
 10691 | D:9      | Noticed Maurice
 10837 | D:9      | Reached XP level 10. HP: 53/53 MP: 13/19
 10934 | D:9      | Reached ***** piety under Sif Muna
 11179 | D:7      | Reached skill level 10 in Conjurations
 11403 | D:7      | Noticed Dowan
 11408 | D:7      | Killed Dowan
 11412 | D:7      | Killed Duvessa
 11568 | D:7      | Upgraded the game from 0.17-a0-2073-gde5cdba to 0.17-a0-2093-gc772f4b
 11685 | D:8      | Found an iron altar of Okawaru.
 11964 | D:8      | Found a staircase to the Lair.
 12677 | Lair:1   | Entered Level 1 of the Lair of Beasts
 12729 | Lair:1   | Reached skill level 11 in Conjurations
 12949 | Lair:1   | Reached ****** piety under Sif Muna
 12949 | Lair:1   | Received a gift from Sif Muna
 12950 | Lair:1   | Identified Umnap's Compendium of Confrontation (Sif Muna gifted it to you on level 1 of the Lair of Beasts)
 12998 | Lair:1   | Reached XP level 11. HP: 47/58 MP: 13/21
 13153 | Lair:1   | Learned a level 4 spell: Iskenderun's Mystic Blast
 13241 | Lair:1   | Noticed a seven-headed hydra
 13246 | Lair:1   | Killed a seven-headed hydra
 13612 | Lair:1   | Reached skill level 10 in Fire Magic
 13625 | Lair:1   | Reached skill level 12 in Conjurations
 13757 | Lair:1   | Learned a level 4 spell: Airstrike
 13969 | Lair:2   | Reached skill level 1 in Air Magic
 14139 | Lair:2   | Received a gift from Sif Muna
 14201 | Lair:2   | Identified Sif Muna's Tome of Creation (Sif Muna gifted it to you on level 2 of the Lair of Beasts)
 14948 | Lair:2   | Reached XP level 12. HP: 64/64 MP: 15/24
 14966 | Lair:2   | Noticed Gastronok
 15011 | Lair:2   | Killed Gastronok
 15011 | Lair:2   | Reached skill level 1 in Throwing
 15011 | Lair:2   | Reached skill level 13 in Conjurations
 15849 | Lair:3   | Received a gift from Sif Muna
 15850 | Lair:3   | Identified Sif Muna's Catalogue of Combat Magic (Sif Muna gifted it to you on level 3 of the Lair of Beasts)
 15900 | Lair:3   | Learned a level 1 spell: Animate Skeleton
 15974 | Lair:3   | Got a brightly glowing robe
 15986 | Lair:3   | Identified the +1 robe of Filth {Dex+4} (You found it on level 3 of the Lair of Beasts)
 16013 | Lair:3   | Noticed Ohli's ghost (journeyman TeFi)
 16018 | Lair:3   | Killed Ohli's ghost
 16037 | Lair:3   | Noticed an eight-headed hydra
 16057 | Lair:3   | Reached skill level 5 in Air Magic
 16260 | Lair:3   | Reached skill level 5 in Stealth
 16637 | Lair:3   | Killed an eight-headed hydra
 16637 | Lair:3   | Reached skill level 1 in Necromancy
 16924 | Lair:4   | Found a hole to the Spider Nest.
 16991 | Lair:4   | Reached skill level 1 in Shields
 17388 | Lair:4   | Reached skill level 14 in Conjurations
 17406 | Lair:4   | Reached XP level 13. HP: 59/69 MP: 5/26
 17408 | Lair:4   | Received a gift from Sif Muna
 17409 | Lair:4   | Identified Qenyas's Guide on Combat Magic (Sif Muna gifted it to you on level 4 of the Lair of Beasts)
 17470 | Lair:4   | Noticed a death yak
 17470 | Lair:4   | Noticed a death yak
 17483 | Lair:4   | Noticed a death yak
 17597 | Lair:4   | Noticed a death yak
 17600 | Lair:4   | Killed a death yak
 17601 | Lair:4   | Killed a death yak
 17610 | Lair:4   | Killed a death yak
 17661 | Lair:4   | Killed a death yak
 17985 | Lair:5   | Found a staircase to the Swamp.
 18137 | Lair:4   | Learned a level 4 spell: Force Lance
 19477 | Lair:6   | Noticed Nessos
 19485 | Lair:6   | Killed Nessos
 19804 | Lair:6   | Identified a scroll of acquirement
 19805 | Lair:6   | Got a steaming hat
 19816 | Lair:6   | Identified the +2 hat of the Cockatrice {rElec rF+ Dex-2} (You acquired it on level 6 of the Lair of Beasts)
 19816 | Lair:6   | Noticed Kirke
 19837 | Lair:6   | Killed Kirke
 19962 | Lair:6   | Reached skill level 15 in Conjurations
 20659 | Lair:7   | Gained mutation: You can fly continuously. [Tengu growth]
 20659 | Lair:7   | Reached XP level 14. HP: 73/76 MP: 15/28
 21431 | Lair:8   | Entered Level 8 of the Lair of Beasts
 21493 | Lair:8   | Received a gift from Sif Muna
 21498 | Lair:8   | Identified Sif Muna's Handbook of the Birds and Conjuration (Sif Muna gifted it to you on level 8 of the Lair of Beasts)
 21721 | Lair:8   | Found a dark tunnel.
 21726 | Volcano  | Entered a volcano
 22077 | Volcano  | Reached skill level 10 in Spellcasting
 22303 | Lair:8   | Learned a level 3 spell: Mephitic Cloud
 22561 | Lair:7   | Reached skill level 5 in Maces & Flails
 22561 | Lair:7   | Reached skill level 10 in Dodging
 23095 | Lair:7   | Identified the Almanac of Arcane Weapons (You found it on level 7 of the Lair of Beasts)
 23607 | Lair:8   | Found a staircase to the Slime Pits.
 23949 | Lair:8   | Reached skill level 10 in Air Magic
 24031 | Lair:8   | Reached skill level 16 in Conjurations
 24080 | Lair:7   | Slain by a death yak

Vault maps used:
D:1:      kilobyte_arrival_exit_the_forest
D:2:      uniq_sigmund
D:3:      cheibriados_altar_1, first_bread, patterned_corridor
D:4:      lemuel_crystal_altar, kennysheep_cluttered_room, uniq_blork_the_orc,
          uniq_edmund, uniq_menkaure
D:5:      temple_pool_a, guppyfry_early_lair_pool
D:6:      nicolae_gozag_seed_capital, lemuel_round_altar, serial_shops, shop,
          hex_tiny
D:7:      kennysheep_big_flooded_room, grunt_temple_overflow_order_and_chaos_2,
          serial_shops, shop, nicolae_ossuary_entry_plus, uniq_duvessa
D:8:      old_standard_altar, minmay_lair_entry_lava, kennysheep_generic_room_5
D:9:      erik_orc_2, basic_altar, uniq_maurice
Temple:   triangle_lava_temple_12
Lair:1:   beast_lair_carwin_large_2
Lair:2:   special_room, st_stairs_4, minmay_stone_trees_small, uniq_gastronok
Lair:4:   nicolae_spider_entry_orb_guardian, st_stairs_13, worms_lemuel,
          grunt_megastairs_4
Lair:5:   swamp_mist
Lair:6:   minmay_holes, minivault_26, uniq_kirke, uniq_nessos
Lair:7:   kennysheep_catoblepas_arena, grunt_megastairs_1
Lair:8:   guppyfry_lair_end_dragon, hangedman_lair_tendril_chambers,
          nicolae_slime_entry_slimehenge, enter_volcano_3,
          grunt_forest_large_clearings
Ossuary:  ossuary_the_hunt_dpeg
Volcano:  volcano_aerie

Action                   |  1- 3 |  4- 6 |  7- 9 | 10-12 | 13-15 || total
-------------------------+-------+-------+-------+-------+-------++-------
Melee: Short sword       |    29 |    46 |       |       |       ||    75
       Whip              |       |    65 |   158 |   300 |   206 ||   729
       Mace              |       |       |    24 |    26 |   311 ||   361
 Fire: Blowgun           |       |       |       |     7 |       ||     7
 Cast: Flame Tongue      |    54 |   103 |   169 |   206 |    74 ||   606
       Throw Flame       |       |     2 |    43 |   117 |    33 ||   195
       Conjure Flame     |       |     1 |     8 |     7 |     2 ||    18
       Sticky Flame      |       |       |     4 |    28 |    67 ||    99
       Fireball          |       |       |       |    29 |    46 ||    75
       Animate Skeleton  |       |       |       |    18 |    95 ||   113
       Airstrike         |       |       |       |     4 |    30 ||    34
       Force Lance       |       |       |       |       |     6 ||     6
       Mephitic Cloud    |       |       |       |       |    11 ||    11
Invok: Channel Energy    |       |       |    29 |    74 |   134 ||   237
 Abil: Fly               |       |     1 |       |     1 |     3 ||     5
Evoke: Wand              |       |       |       |     3 |     7 ||    10
       Fan of gales      |       |       |       |       |     1 ||     1
  Use: Scroll            |     3 |     4 |     9 |    12 |     8 ||    36
       Potion            |       |       |     2 |       |     3 ||     5
 Stab: Sleeping          |     2 |     4 |     6 |    11 |     3 ||    26
       Distracted        |       |       |       |     2 |     8 ||    10
       Confused          |       |       |       |       |    11 ||    11
  Eat: Chunk             |     2 |    11 |    20 |    39 |    57 ||   129
       Pizza             |     1 |       |       |       |       ||     1
       Royal jelly       |       |     1 |       |       |       ||     1
       Fruit             |       |       |     1 |       |     3 ||     4
       Beef jerky        |       |       |       |     2 |       ||     2
